 Seeded DCSS version 0.31-a0-1278-g11c5b68f87 (webtiles) character file.

Game seed: 3878631621999772145 (custom seed)

32 timneilson the Covered (level 3, -3/23 HPs)
             Began as a Gargoyle Fighter on Dec 17, 2023.
             Slain by a worm (9 damage)
             ... on level 2 of the Dungeon.
             The game lasted 00:01:14 (1106 turns).

timneilson the Covered (Gargoyle Fighter)           Turns: 1106, Time: 00:01:14

Health: -3/23      AC: 11    Str: 21    XL:     3   Next: 25%
Magic:  3/3        EV:  9    Int:  8    God:
Gold:   70         SH:  5    Dex: 15    Spells: 2/2 levels left

rFire   . . .        a - +0 long sword
rCold   . . .        c - +0 buckler
rNeg    + . .        b - +0 scale mail
rPois   ∞            (no helmet)
rElec   +            g - +0 cloak
rCorr   .            (no gloves)
SInv    .            (no boots)
Will    .....        (no amulet) Stlth
                     e - +6 ring of dexterity
HPRegen 0.23/turn    (no ring)
MPRegen 0.08/turn

%: no passive effects
@: no status effects
A: sickness immunity, AC +3, negative energy resistance 1, electricity
resistance, torment resistance 1, petrification resistance
a: no special abilities


You were on level 2 of the Dungeon.
You visited 1 branch of the dungeon, and saw 2 of its levels.

You collected 70 gold pieces.

Inventory:

Hand Weapons
 a - a +0 long sword (weapon)
Armour
 b - a +0 scale mail (worn)
 c - a +0 buckler (worn)
 g - a +0 cloak (worn)
 n - a +0 plate armour
Jewellery
 e - a +6 ring of dexterity (left hand)
Scrolls
 f - 2 scrolls of fog
Potions
 d - a potion of might
 h - a potion of resistance {unknown}
 i - a potion of mutation {unknown}
 j - a potion of haste {unknown}
 k - a potion of brilliance {unknown}
 m - 4 potions of attraction {unknown}


   Skills:
 + Level 3.5 Fighting
 * Level 2.2 Long Blades
 * Level 3.7 Armour
 + Level 0.4 Dodging
 * Level 3.6 Shields


You had 2 spell levels left.
You didn't know any spells.
Your spell library contained the following spells:

 Spells                   Type           Power      Damage    Failure   Level
 Foxfire                  Conj/Fire      0%         2x1d4     82%         1
 Hailstorm                Conj/Ice       0%         3d5       99%         3
 Summon Guardian Golem    Hex/Summ       0%         N/A       99%         3
 Anguish                  Hex/Necr       0%         N/A       100%        4
 Summon Ice Beast         Ice/Summ       0%         N/A       100%        4
 Plasma Beam              Fire/Air       0%         2x1d10    100%        6
 Simulacrum               Ice/Necr       0%         N/A       100%        6
 Starburst                Conj/Fire      0%         6d3       100%        6


Dungeon Overview and Level Annotations

Branches:
Dungeon (2/15)

Altars:


Innate Abilities, Weirdness & Mutations

You are immune to sickness and miasma.
Your stone body is resilient. (AC +3)
You are immune to poison.
You resist negative energy. (rN+)
You are resistant to electric shocks. (rElec)
You are resistant to unholy torment.
You are immune to petrification.


Message History

The bat hits you but does no damage. The goblin hits you but does no damage.
You hit the goblin.
You kill the goblin!
You block the bat's attack. The endoplasm freezes you.
You are frozen.
* * * LOW HITPOINT WARNING * * *
You closely miss the bat. You block the bat's attack.
The endoplasm freezes you.
You are frozen.
* * * LOW HITPOINT WARNING * * *
Unknown command.
You hit the endoplasm.
The endoplasm is severely wounded.
You block the bat's attack.
The endoplasm hits you but does no damage.
You slash the endoplasm!
You kill the endoplasm!
The bat hits you but does no damage. The hobgoblin barely misses you.
You slash the hobgoblin!
You kill the hobgoblin!
The bat completely misses you.
You hit the worm.
The worm is moderately wounded.
The bat closely misses you. You block the bat's attack. The worm bites you.
* * * LOW HITPOINT WARNING * * *
You completely miss the worm.
The worm is moderately wounded.
The bat hits you but does no damage. The worm barely misses you.
You slash the worm!
The worm is severely wounded.
The bat barely misses you. x2
You hit the worm.
The worm is almost dead.
The bat barely misses you. x2; You block the worm's attack.
You block the bat's attack.
You barely miss the worm.
The worm is severely wounded.
The worm bites you!
You die...

#.......... #.....[.# ##
#.......# ####### .#
#.......# .......
.#######.......# .......
...............# .......
...............# .......
...............##......!
..†............w@b......
#+#.####.......##.......
#<# #.......# .......
### ######..†........
+.g.........
#.......#### #...g...#
#.......# #.......#


You could see a worm and a bat.

Vanquished Creatures
  An adder (D:2)
  3 bats
  5 endoplasms
  2 goblins
  2 hobgoblins
  A kobold (D:1)
  4 ball pythons (D:1)
  A frilled lizard (D:1)
  A rat (D:1)
20 creatures vanquished.

Notes
Turn   | Place    | Note
-------+----------+-------------------------------------------
     0 | D:1      | timneilson the Gargoyle Fighter began the quest for the
                  | Orb.
     0 | D:1      | Reached XP level 1. HP: 14/14 MP: 1/1
   272 | D:1      | Reached XP level 2. HP: 17/19 MP: 2/2
   336 | D:1      | Got Niegh's Catalogue of Enchantment
  1087 | D:2      | Reached XP level 3. HP: 7/23 MP: 3/3
  1106 | D:2      | Slain by a worm

Illustrated notes

Levels and vault maps discovered:
D:1:      dpeg_arrival_boxes_within_box, layout_loops_corners, st_stairs_7
D:2:      layout_basic

Skill      XL: |  1  2 |
---------------+-------+-----
Long Blades    | 2 |  2.2
Fighting       | |  3.5
Armour         | |  3.7
Dodging        | |  0.4
Shields        | |  3.6

Action                     || total
---------------------------++-------
  Melee: Long sword        ||    63
    Use: Scroll            ||     2
 Armour: Scale mail        ||    51
  Dodge: Dodged            ||    39
  Block: Buckler           ||    23

Table legend: (Time is in decaauts)
 A = Elapsed time spent in this place.
 B = Non-inter-level travel time spent in this place.
 C = Inter-level travel time spent in this place.
 D = Time resting spent in this place.
 E = Time spent auto-exploring this place.
 F = Levels seen in this place.
 G = Mean time per level.
                   A        B        C        D        E       F      G
               +--------+--------+--------+--------+--------+-----+--------+
         Total |   1125 |   1078 |     47 |      0 |    897 |   2 |  562.5 |
       Dungeon |   1125 |   1078 |     47 |      0 |    897 |   2 |  562.5 |
               +--------+--------+--------+--------+--------+-----+--------+

Top non-repeatable levels by time:
     D:1: 1051 daAuts
     D:2: 74 daAuts
